cohdb
Replays
Latest Replays
All Replays
Popular Replays
Top Player Replays
Match Explorer
How It Works
Community
CoH3 Stats
Reddit
Sign in to upload your games and track your stats! →
Sign in with Steam
Match 44510608
Unlisted
Match 44510608
Overview
Messages
Build Orders
End
Vickers Machine Gun Team
Construct Section Command Post
Selects Indian Artillery Battlegroup
Infantry Section
Infantry Section
ML 3-inch Mortar Team
Construct Platoon Command Post
Selects Valour
Infantry Section
Humber Armored Car
Selects Artillery Saturation
Construct Field Infirmary
Unlock M3 Stuart Light Tanks
Grenade Package
M3 Stuart Light Tank
Selects Off-map Airburst Barrage
Infantry Section
robwarrior
DuskTheViking
0
0
Comments
sign in to comment!
No comments posted yet!